 Dungeon Crawl Stone Soup version 0.28-a0-577-gb193047a1f (webtiles) character file.

Game seed: 11555414312789602210

51 iamoutofideas the Chopper (level 3, -2/31 HPs)
             Began as a Hill Orc Monk on Oct 1, 2021.
             Slain by a gnoll (13 damage)
             ... on level 1 of the Dungeon.
             The game lasted 00:01:58 (1319 turns).

iamoutofideas the Chopper (Hill Orc Monk)           Turns: 1319, Time: 00:01:58

Health: -2/31      AC:  2    Str: 14    XL:     3   Next: 81%
Magic:  3/3        EV: 12    Int: 10    God:
Gold:   54         SH:  0    Dex: 13    Spells: 2/2 levels left

rFire   . . .      SeeInvis .   a - +0 hand axe
rCold   . . .      Faith    .   (no shield)
rNeg    . . .      Spirit   .   b - +0 robe
rPois   .          Reflect  .   (no helmet)
rElec   .          Harm     .   (no cloak)
rCorr   .          Rampage  .   (no gloves)
Will    .....                   (no boots)
Stlth   ++........              (no amulet)
HPRegen 0.10/turn               (no ring)
MPRegen 0.08/turn               (no ring)

@: no status effects
A: no striking features
a: no special abilities


You were on level 1 of the Dungeon.
You visited 1 branch of the dungeon, and saw 2 of its levels.

You collected 54 gold pieces.

Inventory:

Hand Weapons
 a - a +0 hand axe (weapon)
 m - a +5 short sword
Missiles
 o - 4 silver javelins (quivered)
Armour
 b - a +0 robe (worn)
 h - a +0 plate armour
 k - a +0 ring mail
 l - a +0 pair of boots
 n - a +0 chain mail
Scrolls
 d - 3 scrolls of identify {unknown}
 g - a scroll of torment {unknown}
 i - a scroll of brand weapon {unknown}
 j - a scroll of teleportation {unknown}
Potions
 c - 3 potions of curing {unknown}
 e - a potion of invisibility {unknown}
 f - a potion of brilliance {unknown}
 p - a potion of haste {unknown}


   Skills:
 - Level 3.6 Fighting
 + Level 6.1 Axes
 - Level 2.4 Dodging
 - Level 1.5 Stealth


You had 2 spell levels left.
You didn't know any spells.
Your spell library was empty.

Dungeon Overview and Level Annotations

Branches:
Dungeon (2/15)

Altars:


Message History

You hit the gnoll but do no damage.
The gnoll is almost dead.
The gnoll barely misses you.
You closely miss the gnoll.
The gnoll is almost dead.
The gnoll hits you with a +0 club!
You barely miss the gnoll.
The gnoll is almost dead.
The gnoll hits you with a +0 club.
You hit the gnoll.
You kill the gnoll!
Your Axes skill increases to level 6!
You barely miss the gnoll. The gnoll hits you with a +0 flail.
You hit the gnoll.
The gnoll is moderately wounded.
The gnoll barely misses you.
You barely miss the gnoll.
The gnoll is moderately wounded.
The gnoll barely misses you.
You hit the gnoll but do no damage.
The gnoll is moderately wounded.
The gnoll closely misses you.
You barely miss the gnoll.
The gnoll is moderately wounded.
The gnoll hits you with a +0 flail!
* * * LOW HITPOINT WARNING * * *
You hit the gnoll but do no damage.
The gnoll is moderately wounded.
The gnoll closely misses you.
There is a stone staircase leading up here.
The gnoll hits you with a +0 flail.
You climb upwards.
There is a stone staircase leading down here.
You hit the gnoll but do no damage.
The gnoll is lightly wounded.
The gnoll barely misses you.
You hit the gnoll.
The gnoll is lightly wounded.
The gnoll hits you with a +0 flail!
You die...

####.........#..######...
#..............## #.#.
###.##.........### ##...
#...#######...#########...# ###
###.#######................## ..#
#...###.......###...#........
..###.##.......#### ###...####(.#
................#####.....###..##
................@g....#.......##
..####..#######.............###
..#.......##....##...####.#.##
##†................#...##....####
#...........####..###########....
#...........# ##.###...(...###..
#...........# #.......⌠........
##.........## ####..⌠...⌠(.####
##.......## ##.......## #.


You could see a gnoll.

Vanquished Creatures
  A gnoll (D:2)
  A worm (D:2)
  2 dart slugs (D:1)
  4 ball pythons
  A bat (D:1)
  3 endoplasms (D:1)
  3 giant cockroaches
  2 hobgoblins (D:1)
  4 jackals (D:2)
  A kobold (D:2)
  2 frilled lizards (D:1)
  4 goblins (D:1)
  2 rats
30 creatures vanquished.

Notes
Turn   | Place    | Note
-------+----------+-------------------------------------------
     0 | D:1      | iamoutofideas the Hill Orc Monk began the quest for the
                  | Orb.
     0 | D:1      | Reached XP level 1. HP: 19/19 MP: 1/1
    87 | D:1      | Reached XP level 2. HP: 26/26 MP: 2/2
   313 | D:1      | Reached skill level 5 in Axes
   476 | D:1      | Reached XP level 3. HP: 24/31 MP: 3/3
  1269 | D:2      | Reached skill level 6 in Axes
  1319 | D:1      | Slain by a gnoll

Illustrated notes

Levels and vault maps discovered:
D:1:      dpeg_arrival_leaves_temple_mockup, layout_rooms
D:2:      layout_rooms, uniq_jessica

Skill      XL: |  1  2  3 |
---------------+----------+-----
Axes           | 5 6 |  6.1
Fighting       | |  3.6
Dodging        | |  2.4
Stealth        | |  1.5

Action                   || total
-------------------------++-------
Melee: Hand axe          ||   109
 Stab: Sleeping          ||     3
Armor: Robe              ||    10
Dodge: Dodged            ||    64

Table legend: (Time is in decaauts)
 A = Elapsed time spent in this place.
 B = Non-inter-level travel time spent in this place.
 C = Inter-level travel time spent in this place.
 D = Time resting spent in this place.
 E = Time spent auto-exploring this place.
 F = Levels seen in this place.
 G = Mean time per level.
                   A        B        C        D        E       F      G
               +--------+--------+--------+--------+--------+-----+--------+
         Total |   1323 |   1273 |     50 |    242 |    719 |   2 |  661.5 |
       Dungeon |   1323 |   1273 |     50 |    242 |    719 |   2 |  661.5 |
               +--------+--------+--------+--------+--------+-----+--------+

Top non-repeatable levels by time:
     D:1: 937 daAuts
     D:2: 386 daAuts
